 Dungeon Crawl Stone Soup version 0.30-a0-652-gcc886f7154 (webtiles) character file.

Game seed: 2106765219491273232

5677 wormed the Covert (level 11, -7/68 HPs)
             Began as a Kobold Delver on Jan 18, 2023.
             Was a Believer of Uskayaw.
             Mangled by a cyclops (24 damage)
             ... on level 9 of the Dungeon.
             The game lasted 00:14:06 (10486 turns).

wormed the Covert (Kobold Delver)                  Turns: 10486, Time: 00:14:06

Health: -7/68      AC: 12    Str:  9    XL:     11   Next: 4%
Magic:  12/16      EV: 25    Int: 10    God:    Uskayaw [**....]
Gold:   433        SH:  0    Dex: 22    Spells: 10/10 levels left

rFire   . . .      SeeInvis .    n - +1 rapier
rCold   . . .      Faith    .    (no shield)
rNeg    + . .      Spirit   .    b - +0 leather armour
rPois   +          Reflect  .    (no helmet)
rElec   .          Harm     .    A - +2 ratskin cloak {*Rats rPois rN+ Str-1 Int-1 Dex+1}
rCorr   .          Rampage  .    B - +0 pair of gloves
Will    .....                    y - +0 pair of boots
Stlth   ++++++                   a - amulet of the acrobat
HPRegen 0.31/turn                D - +5 ring of evasion
MPRegen 0.15/turn                v - +4 ring of protection

@: no status effects
A: small, no large weapons, nightstalker 3
a: Renounce Religion, Stomp, Line Pass


You were on level 9 of the Dungeon.
You worshipped Uskayaw.
Uskayaw was noncommittal.
You visited 1 branch of the dungeon, and saw 9 of its levels.

You collected 433 gold pieces.

Inventory:

Hand Weapons
 n - a +1 rapier (weapon)
Missiles
 t - 18 poisoned darts
Armour
 b - a +0 leather armour (worn)
 k - a scarf of repulsion
 y - a +0 pair of boots (worn)
 A - the +2 ratskin cloak (worn) {*Rats rPois rN+ Str-1 Int-1 Dex+1}
   (You found it on level 7 of the Dungeon)

   *Rats:     When the wearer is hurt, rats may emerge from it to assist them.
   Str:       It affects your strength (-1).
   Int:       It affects your intelligence (-1).
   Dex:       It affects your dexterity (+1).
   rPois:     It protects you from poison.
   rN:        It protects you from negative energy.
 B - a +0 pair of gloves (worn)
Jewellery
 a - an amulet of the acrobat (around neck)
 l - a ring of protection from cold
 s - a ring of flight
 v - a +4 ring of protection (right hand)
 D - a +5 ring of evasion (left hand)
Wands
 g - a wand of digging (9)
 r - a wand of quicksilver (5) (quivered)
 F - a wand of mindburst (6)
Scrolls
 c - 5 scrolls of fog
 d - 6 scrolls of identify
 e - 4 scrolls of enchant armour
 f - a scroll of magic mapping
 x - 4 scrolls of immolation
 z - 3 scrolls of teleportation
 C - a scroll of amnesia
Potions
 h - 2 potions of lignification
 i - 2 potions of cancellation
 j - 3 potions of attraction
 m - 2 potions of degeneration
 o - 4 potions of curing
 p - 2 potions of brilliance
 q - 2 potions of flight
 u - a potion of haste
 w - 3 potions of heal wounds
 E - a potion of invisibility


   Skills:
 + Level 8.1 Fighting
 + Level 11.4 Short Blades
 + Level 8.4 Dodging
 + Level 11.6 Stealth
 * Level 6.7 Invocations


You had 10 spell levels left.
You didn't know any spells.
Your spell library contained the following spells:

 Spells                   Type           Power      Damage    Failure   Level
 Apportation              Tloc           0%         N/A       47%         1
 Sting                    Tmut/Pois      0%         1d3       47%         1
 Ensorcelled Hibernation  Hex/Ice        0%         N/A       63%         2
 Passwall                 Tmut/Erth      0%         N/A       63%         2
 Poisonous Vapours        Pois/Air       0%         N/A       63%         2
 Sublimation of Blood     Necr           0%         N/A       63%         2
 Wereblood                Tmut           0%         N/A       63%         2
 Call Canine Familiar     Summ           0%         N/A       85%         3
 Gell's Gravitas          Tloc           0%         N/A       85%         3
 Portal Projectile        Hex/Tloc       0%         N/A       85%         3
 Swiftness                Air            0%         N/A       85%         3
 Teleport Other           Tloc           0%         N/A       85%         3
 Leda's Liquefaction      Hex/Erth       0%         N/A       99%         4
 Olgreb's Toxic Radiance  Pois           0%         N/A       99%         4
 Petrify                  Tmut/Erth      0%         N/A       99%         4
 Alistair's Intoxication  Tmut/Pois      0%         N/A       100%        5
 Metabolic Englaciation   Hex/Ice        0%         N/A       100%        5
 Dispersal                Tloc           0%         N/A       100%        6
 Statue Form              Tmut/Erth      0%         N/A       100%        6
 Malign Gateway           Summ/Tloc      0%         N/A       100%        7
 Summon Hydra             Summ           0%         N/A       100%        7
 Summon Horrible Things   Summ           0%         N/A       100%        8


Dungeon Overview and Level Annotations

Branches:
Dungeon (9/15)             Temple (0/1) D:6            Lair (0/5) D:9
    Orc: D:9-12

Altars:
Ashenzari
Fedhas
Gozag
Hepliaklqana
Makhleb
Ru
Trog
Uskayaw
Wu Jian

Shops:
D:1 ==


Innate Abilities, Weirdness & Mutations

You are small and have problems with some larger weapons.
You are completely attuned to the shadows.


Message History

a +0 dagger; a +0 robe
Things that are here:
a +0 flail; an orc corpse
s - a ring of flight You can no longer pass through a line of other dancers.
Things that are here:
a +0 war axe of freezing; an orc corpse
C - a scroll of amnesia You now have 433 gold pieces (gained 11).
A cyclops comes into view.
A cyclops is nearby!
A cyclops is nearby!
You hit the cyclops.
The cyclops is lightly wounded.
You hit the cyclops but do no damage.
The cyclops is lightly wounded.
The cyclops hits you!!
You puncture the cyclops!
The cyclops is moderately wounded.
You puncture the cyclops!
The cyclops is moderately wounded.
You can now pass through a line of other dancers.
You puncture the cyclops!
The cyclops is heavily wounded.
The cyclops completely misses you.
Aiming: Line Pass
Press: ? - help, Dir - move target The cyclops appears confused.
You can no longer pass through a line of other dancers.
The cyclops hits you!!
* * * LOW HITPOINT WARNING * * *
You hit the cyclops.
The cyclops is heavily wounded.
You puncture the cyclops!
The cyclops is severely wounded.
You can now pass through a line of other dancers.
You hit the cyclops.
The cyclops is almost dead.
The cyclops seems less confused.
The cyclops hits you!!
You die...

#. #.
..#.
..#.##
#...@##
##..C.#
#.....#
##....#
##...#
##..#
##.#
##..#
##...#


You could see a cyclops.

Vanquished Creatures
  A deep elf pyromancer (D:7)
  A cyclops (D:7)
  7 yaks
  2 steam dragons
  A basilisk (D:9)
  Edmund (D:6)
  2 water moccasins (D:7)
  3 ice beasts
  2 sky beasts
  A black bear (D:6)
  A centaur (D:5)
  2 kobold brigands
  2 necrophages
  5 bullfrogs
  5 scorpions
  8 killer bees
  9 electric eels
  A jelly (D:4)
  Crazy Yiuf (D:6)
  3 hounds
  6 orc priests
  7 iguanas
  8 orc wizards
  9 adders
  A shadow imp (D:6)
  A white imp (D:6)
  3 ufetubi
  4 worms
  11 dart slugs
  30 orcs
  6 bats
  5 endoplasms
  5 giant cockroaches
  5 goblins
  10 hobgoblins
  2 jackals (D:3)
  13 kobolds
  3 quokkas
  4 ball pythons
  2 frilled lizards (D:2)
  2 rats (D:1)
195 creatures vanquished.

Vanquished Creatures (others)
  A plant (D:7)
1 creature vanquished.

Grand Total: 196 creatures vanquished

Notes
Turn   | Place    | Note
-------+----------+-------------------------------------------
     0 | D:5      | wormed the Kobold Delver began the quest for the Orb.
     0 | D:5      | Reached XP level 1. HP: 14/14 MP: 1/1
    27 | D:5      | Noticed an iguana
    31 | D:5      | Killed an iguana
    32 | D:5      | Reached XP level 2. HP: 19/19 MP: 2/2
    32 | D:5      | Reached XP level 3. HP: 23/23 MP: 3/3
    52 | D:5      | Noticed a scorpion
   665 | D:3      | Reached XP level 4. HP: 29/29 MP: 4/4
   837 | D:3      | Found a bloodstained altar of Trog.
   837 | D:3      | Found a hazy altar of Hepliaklqana.
  1306 | D:3      | Found a blossoming altar of Fedhas.
  1964 | D:5      | Reached XP level 5. HP: 33/33 MP: 5/5
  2005 | D:5      | Noticed a centaur
  2008 | D:5      | Killed a centaur
  2009 | D:5      | Reached skill level 5 in Short Blades
  2038 | D:5      | Reached XP level 6. HP: 38/38 MP: 6/6
  2419 | D:5      | Reached XP level 7. HP: 44/44 MP: 7/7
  2457 | D:5      | Found an opulent altar of Gozag.
  2734 | D:5      | Reached skill level 5 in Fighting
  3134 | D:4      | Reached XP level 8. HP: 49/49 MP: 8/8
  3143 | D:4      | Reached skill level 5 in Dodging
  4585 | D:1      | Found Qeust's Jewellery Emporium.
  5007 | D:1      | Found Ropumyoh's Jewellery Shoppe.
  5376 | D:6      | Found a hide-covered altar of Uskayaw.
  5379 | D:6      | Became a worshipper of Uskayaw the Reveller
  5404 | D:6      | Identified the +4 ring mail of the Three Cities {rPois
                  | rN+++ Str-5 Int-2}
  5430 | D:6      | Found a staircase to the Ecumenical Temple.
  5436 | D:6      | Reached * piety under Uskayaw
  5440 | D:6      | Reached ** piety under Uskayaw
  5524 | D:6      | Reached *** piety under Uskayaw
  5545 | D:6      | Reached **** piety under Uskayaw
  5563 | D:6      | Reached ***** piety under Uskayaw
  5583 | D:6      | Reached XP level 9. HP: 27/55 MP: 9/9
  6000 | D:6      | Found a runed translucent door.
  6003 | D:6      | Noticed Crazy Yiuf
  6092 | D:6      | Noticed Edmund
  6110 | D:6      | Killed Edmund
  6375 | D:6      | Killed Crazy Yiuf
  6562 | D:7      | Found the +2 ratskin cloak {*Rats rPois rN+ Str-1 Int-1
                  | Dex+1}
  6587 | D:7      | Reached skill level 10 in Short Blades
  6622 | D:7      | Found an ornate altar of the Wu Jian Council.
  6694 | D:7      | Reached skill level 10 in Stealth
  6694 | D:7      | Reached skill level 1 in Invocations
  7068 | D:7      | Noticed a cyclops
  7083 | D:7      | Killed a cyclops
  7084 | D:7      | Reached XP level 10. HP: 29/63 MP: 6/12
  7854 | D:7      | Noticed a deep elf pyromancer
  7866 | D:7      | Killed a deep elf pyromancer
  7867 | D:7      | Reached skill level 5 in Invocations
  8593 | D:8      | Found a broken altar of Ashenzari.
  8693 | D:8      | Found a sacrificial altar of Ru.
  8693 | D:8      | Found a burning altar of Makhleb.
 10240 | D:9      | Found a staircase to the Lair.
 10337 | D:9      | Reached XP level 11. HP: 58/68 MP: 15/15
 10475 | D:9      | Noticed a cyclops
 10486 | D:9      | Mangled by a cyclops

Illustrated notes

Levels and vault maps discovered:
D:1:      dpeg_arrival_arbitrary_b, layout_rooms, serial_shops,
          nicolae_shop_window_shopping, nicolae_shop_advertising_works
          [nicolae_subvault_shop_adworks]
D:2:      layout_basic
D:3:      layout_basic, fedhas_altar_2, gammafunk_temple_overflow_elements,
          minmay_misc_feat_ornament
D:4:      kennysheep_slugbush, layout_loops_ring
D:5:      layout_basic, old_standard_altar
D:6:      layout_rooms, eat_drink_and_be_merry_uskayaw,
          minmay_temple_entry_large_hall, uniq_crazy_yiuf_cottage, uniq_edmund
D:7:      cheibrodos_two_vegetables, layout_cave_pods,
          mainiacjoe_overflow_alcove_2, guppyfry_early_elven_hall
D:8:      layout_layer_cave, jmf_multi_god_temple, kennysheep_mini_moat,
          skrybe_limestone_x, nicolae_water_bricks, minmay_crystal_room,
          patterned_corridor
D:9:      kennysheep_seaside_town, layout_loops_cross,
          chequers_temple_overflow_statue_of_worship, david_lair_generic,
          serial_shops, nicolae_shop_stone, nicolae_shop_behind_doors,
          nicolae_figureground_pulse

Skill      XL: |  1  2  3  4  5  6  7  8  9 10 |
---------------+-------------------------------+-----
Short Blades   | 3 4 5 6 7 9 10 11 | 11.4
Dodging        | 3 4 6 7 8 |  8.4
Stealth        | 7 8 9 10 11 | 11.6
Fighting       | 4 5 6 7 8 |  8.1
Invocations    | 3 6 |  6.7

Action                   |  1- 3 |  4- 6 |  7- 9 | 10-12 || total
-------------------------+-------+-------+-------+-------++-------
Melee: Short sword       |    51 |     3 |       |       ||    54
       Rapier            |       |    67 |   341 |   208 ||   616
       Punch             |       |       |     9 |     5 ||    14
Invok: Line Pass         |       |       |     2 |     2 ||     4
       Stomp             |       |       |       |     1 ||     1
Evoke: Wand              |       |       |     2 |     4 ||     6
  Use: Scroll            |     2 |     5 |     9 |     2 ||    18
       Potion            |       |     1 |     2 |       ||     3
 Stab: Sleeping          |     5 |    15 |    47 |    14 ||    81
       Distracted        |       |     1 |     4 |     2 ||     7
       Paralysed         |       |       |     3 |     8 ||    11
       Confused          |       |       |     2 |     1 ||     3
Armor: Leather armour    |     4 |     3 |    39 |    24 ||    70
Dodge: Dodged            |    28 |    43 |   231 |   151 ||   453
       Repelled          |       |     1 |     6 |     1 ||     8

Table legend: (Time is in decaauts)
 A = Elapsed time spent in this place.
 B = Non-inter-level travel time spent in this place.
 C = Inter-level travel time spent in this place.
 D = Time resting spent in this place.
 E = Time spent auto-exploring this place.
 F = Levels seen in this place.
 G = Mean time per level.
                   A        B        C        D        E       F      G
               +--------+--------+--------+--------+--------+-----+--------+
         Total |  10381 |   9697 |    684 |      0 |   8114 |   9 | 1153.4 |
       Dungeon |  10381 |   9697 |    684 |      0 |   8114 |   9 | 1153.4 |
               +--------+--------+--------+--------+--------+-----+--------+

Top non-repeatable levels by time:
     D:7: 2036 daAuts
     D:8: 1668 daAuts
     D:3: 1607 daAuts
     D:5: 1342 daAuts
     D:4: 1156 daAuts
     D:6: 1120 daAuts
     D:2: 673 daAuts
     D:1: 510 daAuts
     D:9: 265 daAuts
